 Dungeon Crawl Stone Soup version 0.28.0-53-g5a82cb258f (webtiles) character file.

Game seed: 3072204366954943073

395 VictoriousLee the Slasher (level 6, -7/32 HPs)
             Began as a Vine Stalker Fighter on June 27, 2022.
             Mangled by a two-headed ogre
             ... wielding a +0 giant club
              (18 damage)
             ... on level 4 of the Dungeon.
             The game lasted 00:06:45 (2430 turns).

VictoriousLee the Slasher (Vine Stalker Fighter)    Turns: 2430, Time: 00:06:47

Health: -7/32      AC:  7    Str: 21    XL:     6   Next: 82%
Magic:  0/7        EV:  7    Int:  8    God:
Gold:   170        SH:  8    Dex: 13    Spells: 5/5 levels left

rFire   . . .      SeeInvis .   a - +0 long sword
rCold   . . .      Faith    .   m - +0 kite shield
rNeg    . . .      Spirit   +   b - +0 scale mail
rPois   .          Reflect  .   o - +0 helmet
rElec   .          Harm     .   (no cloak)
rCorr   .          Rampage  .   (no gloves)
Will    .....                   (no boots)
Stlth   ..........              (no amulet)
HPRegen 0.90/turn               (no ring)
MPRegen 0.10/turn               (no ring)

@: no status effects
A: fangs 2, regeneration 1, magic shield, antimagic bite, no potion heal 2
a: no special abilities


You were on level 4 of the Dungeon.
You visited 1 branch of the dungeon, and saw 4 of its levels.

You collected 170 gold pieces.

Inventory:

Hand Weapons
 a - a +0 long sword (weapon)
Missiles
 i - 82 stones (quivered)
 p - 5 poisoned darts
Armour
 b - a +0 scale mail (worn)
 c - a +0 buckler
 m - a +0 kite shield (worn)
 o - a +0 helmet (worn)
Wands
 l - a wand of flame (7)
Scrolls
 d - a scroll of torment {unknown}
 f - 2 scrolls of fear {unknown}
 g - a scroll of vulnerability {unknown}
 h - 2 scrolls of noise {unknown}
 k - a scroll of enchant weapon {unknown}
Potions
 j - a potion of haste
 n - a potion of mutation


   Skills:
 - Level 2.6 Fighting
 + Level 6.4 Long Blades
 - Level 2.4 Armour
 - Level 2.6 Shields


You had 5 spell levels left.
You didn't know any spells.
Your spell library contained the following spells:

 Spells                   Type           Power      Damage    Failure   Level
 Blink                    Tloc           0%         N/A       99%         2
 Lesser Beckoning         Tloc           0%         N/A       100%        3
 Animate Armour           Summ/Erth      0%         N/A       100%        4
 Blade Hands              Tmut           0%         N/A       100%        5
 Manifold Assault         Tloc           0%         N/A       100%        5
 Iron Shot                Conj/Erth      0%         9d1       100%        6
 Storm Form               Tmut/Air       0%         N/A       100%        7


Dungeon Overview and Level Annotations

Branches:
Dungeon (4/15)
 Temple: D:4-7

Altars:


Innate Abilities, Weirdness & Mutations

You have extremely sharp teeth.
Your natural rate of healing is unusually fast.
When hurt, damage is shared between your health and your magic reserves.
Your bite disrupts and absorbs the magic of your enemies.
Potions cannot restore your health.


Message History

Aim: a two-headed ogre, wielding two +0 giant clubs (lightly wounded, 85% to hit)
The puff of flame hits the two-headed ogre!
The two-headed ogre is lightly wounded.
Aiming: Throw Flame
Press: ? - help, Shift-Dir - straight line, f/p - two-headed ogre
Aim: a two-headed ogre, wielding two +0 giant clubs (lightly wounded, 85% to hit)
The puff of flame hits the two-headed ogre.
The two-headed ogre is moderately wounded.
Aiming: Throw Flame
Press: ? - help, Shift-Dir - straight line, f/p - two-headed ogre
Aim: a two-headed ogre, wielding two +0 giant clubs (lightly wounded, 85% to hit)
The puff of flame hits the two-headed ogre.
The two-headed ogre is moderately wounded.
Aiming: Throw Flame
Press: ? - help, Shift-Dir - straight line, f/p - two-headed ogre
Aim: a two-headed ogre, wielding two +0 giant clubs (moderately wounded, 85% to hit)
The puff of flame misses the two-headed ogre.
Aiming: Throw Flame
Press: ? - help, Shift-Dir - straight line, f/p - two-headed ogre
Aim: a two-headed ogre, wielding two +0 giant clubs (moderately wounded, 85% to hit)
The puff of flame hits the two-headed ogre.
The two-headed ogre is moderately wounded.
You hit the two-headed ogre. Your bite misses the two-headed ogre.
The two-headed ogre is moderately wounded.
The two-headed ogre hits you with a +0 giant club!
You block the two-headed ogre's attack.
You slash the two-headed ogre! Your bite misses the two-headed ogre.
The two-headed ogre is heavily wounded.
You block the two-headed ogre's attack. x2
You slash the two-headed ogre!
The two-headed ogre is severely wounded.
The two-headed ogre barely misses you. You block the two-headed ogre's attack.
You barely miss the two-headed ogre. You bite the two-headed ogre.
You drain its power.
You feel invigorated.
The two-headed ogre is severely wounded.
The two-headed ogre hits you with a +0 giant club!!
Ouch! That really hurt!
The two-headed ogre hits you with a +0 giant club!!
Ouch! That really hurt!
You die...

#.# .# #.#
.# #.. .#
#.. .#
#.#### .#
#.##.##.#
#.#...#.##
#.@O.....+
#<#...#.##
#.##.##.#
#.##.# .#
#..... .#
####.####
#.# #..


You could see a two-headed ogre.

Vanquished Creatures
  Sigmund (D:2)
  A water moccasin zombie (D:3)
  2 orc priests (D:3)
  Terence (D:3)
  Natasha (D:1)
  2 adders
  A dart slug (D:2)
  4 orcs (D:3)
  5 ball pythons
  6 endoplasms
  4 giant cockroaches
  4 goblins
  2 hobgoblins (D:2)
  5 kobolds
  2 quokkas
  3 bats
  5 rats
49 creatures vanquished.

Notes
Turn   | Place    | Note
-------+----------+-------------------------------------------
     0 | D:1      | VictoriousLee the Vine Stalker Fighter began the quest for
                  | the Orb.
     0 | D:1      | Reached XP level 1. HP: 11/11 MP: 2/2
   126 | D:1      | Reached skill level 2 in Long Blades
   264 | D:1      | Reached XP level 2. HP: 16/16 MP: 3/3
   498 | D:1      | Found a faded altar of an unknown god.
   699 | D:2      | Noticed Natasha
   709 | D:1      | Killed Natasha
   710 | D:1      | Reached skill level 3 in Long Blades
   710 | D:1      | Reached XP level 3. HP: 19/19 MP: 2/4
   791 | D:2      | Noticed Sigmund
   796 | D:2      | Killed Sigmund
   797 | D:2      | Reached skill level 5 in Long Blades
   797 | D:2      | Gained mutation: Your natural rate of healing is unusually
                  | fast. [Vine Stalker growth]
   797 | D:2      | Reached XP level 4. HP: 8/23 MP: 2/5
   797 | D:2      | Reached XP level 5. HP: 10/27 MP: 2/6
  1130 | D:2      | Reached XP level 6. HP: 32/32 MP: 7/7
  1676 | D:3      | Noticed Terence
  1703 | D:3      | Killed Terence
  1795 | D:3      | Reached skill level 6 in Long Blades
  2416 | D:4      | Noticed a two-headed ogre
  2430 | D:4      | Mangled by a two-headed ogre

Illustrated notes

Levels and vault maps discovered:
D:1:      lightli_arrival_maybe_door_vault, layout_loops_corners,
          basic_ecumenical_altar, minmay_tiny_reverse_x
D:2:      layout_basic, uniq_natasha, uniq_sigmund
D:3:      layout_basic, uniq_terence
D:4:      layout_loops_corners, gup_sewer_entry_spiral, minmay_misc_feat_cross,
          uniq_grinder, uniq_ijyb

Skill      XL: |  1  2  3  4  5  6 |
---------------+-------------------+-----
Long Blades    | 2 3 5 6 |  6.4
Fighting       | |  2.6
Armour         | |  2.4
Shields        | |  2.6

Action                   |  1- 3 |  4- 6 || total
-------------------------+-------+-------++-------
Melee: Long sword        |    39 |   103 ||   142
       Bite              |     1 |    20 ||    21
Evoke: Wand              |       |     6 ||     6
  Use: Potion            |     1 |       ||     1
       Scroll            |       |     3 ||     3
Armor: Scale mail        |    16 |    23 ||    39
Dodge: Dodged            |    21 |    27 ||    48
Block: Buckler           |     6 |    11 ||    17
       Kite shield       |       |    20 ||    20
